 Dungeon Crawl Stone Soup version 0.30-a0-726-gd89dcf765f (webtiles) character file.

Game seed: 8539406619068976718

102 HoaS the Shooter (level 4, -3/26 HPs)
             Began as a Gargoyle Hunter on Jan 29, 2023.
             Slain by a gnoll
             ... wielding a +0 flail
              (5 damage)
             ... on level 2 of the Dungeon.
             The game lasted 00:02:51 (1984 turns).

HoaS the Shooter (Gargoyle Hunter)                  Turns: 1984, Time: 00:02:52

Health: -3/26      AC:  7    Str: 14    XL:     4   Next: 77%
Magic:  4/4        EV: 11    Int: 10    God:
Gold:   98         SH:  0    Dex: 15    Spells: 3/3 levels left

rFire   . . .      SeeInvis .    a - +1 shortbow
rCold   . . .      Faith    .    (shield currently unavailable)
rNeg    + . .      Spirit   .    c - +1 leather armour
rPois   ∞          Reflect  .    (no helmet)
rElec   +          Harm     .    (no cloak)
rCorr   .          Rampage  .    (no gloves)
Will    .....                    (no boots)
Stlth   ++                       (no amulet)
HPRegen 0.24/turn                (no ring)
MPRegen 0.09/turn                (no ring)

@: no status effects
A: sickness immunity, AC +3, negative energy resistance 1, electricity
resistance, torment resistance 1, petrification resistance
a: no special abilities


You were on level 2 of the Dungeon.
You visited 1 branch of the dungeon, and saw 3 of its levels.

You collected 98 gold pieces.

Inventory:

Hand Weapons
 a - a +1 shortbow (weapon)
Missiles
 d - 2 throwing nets
Armour
 c - a +1 leather armour (worn)
Scrolls
 b - a scroll of immolation
 e - a scroll of teleportation
 g - 3 scrolls of enchant armour
Potions
 h - 2 potions of curing {unknown}


   Skills:
 - Level 2.1 Fighting
 + Level 6.0 Ranged Weapons
 - Level 1.5 Dodging
 - Level 1.1 Stealth


You had 3 spell levels left.
You didn't know any spells.
Your spell library contained the following spells:

 Spells                   Type           Power      Damage    Failure   Level
 Slow                     Hex            0%         N/A       43%         1
 Confusing Touch          Hex            0%         N/A       82%         3
 Vampiric Draining        Necr           0%         2d6       82%         3


Dungeon Overview and Level Annotations

Branches:
Dungeon (3/15)

Altars:
The Shining One


Innate Abilities, Weirdness & Mutations

You are immune to sickness and miasma.
Your stone body is resilient. (AC +3)
You are immune to poison.
You resist negative energy. (rN+)
You are resistant to electric shocks. (rElec)
You are resistant to unholy torment.
You are immune to petrification.


Message History

You shoot an arrow. The arrow hits the orc.
The orc is heavily wounded.
The orc hits you with a +0 club.
You shoot an arrow. The arrow hits the orc.
The orc is heavily wounded.
The orc hits you with a +0 club.
You shoot an arrow. The arrow closely misses the orc.
The orc misses you.
You shoot an arrow. The arrow hits the orc.
The orc is almost dead.
The orc hits you with a +0 club.
* * * LOW HITPOINT WARNING * * *
The orc hits you but does no damage.
You shoot an arrow. The arrow hits the orc!
You kill the orc!
Things that are here:
a +0 club; a +0 leather armour; an orc corpse You start resting.
HP restored.
There is a stone staircase leading down here.
You climb downwards.
The gnoll closely misses you. The gnoll hits you with a +0 club.
The gnoll hits you with a +0 flail.
The orc wizard gestures wildly while chanting.
The orc wizard flickers and vanishes!
Deactivating autopickup; reactivate with Ctrl-A.
The orc shouts!
There is a stone staircase leading up here.
You hear a shout! x2
The gnoll hits you with a +0 flail. The gnoll hits you but does no damage.
You climb upwards.
Reactivating autopickup.
There is a stone staircase leading down here.
The gnoll hits you with a +0 flail! The gnoll attacks as you move away!
The gnoll barely misses you. The gnoll hits you with a +0 club.
The gnoll attacks as you move away! The gnoll hits you with a +0 club.
* * * LOW HITPOINT WARNING * * *
The gnoll throws a stone.
The stone hits you.
* * * LOW HITPOINT WARNING * * *
The gnoll attacks as you move away! The gnoll hits you with a +0 flail.
You die...

#.# ##...##.#
#####.##### ##'###.##
#.........# #.# #...
#.###.###.# #.# ####
#.# #.###.# ##.######
#.# #.....# ##........
#.# ####$.# #.....####
#.######g># ##...##
#.....@g..# ##.##
#######...######.#
#..........#
#...######.# ##### #.#
#.# #.# #.#
###############.######


You could see 2 gnolls.

Vanquished Creatures
  A gnoll (D:2)
  4 adders
  2 dart slugs
  An orc (D:2)
  7 ball pythons (D:1)
  4 bats
  3 endoplasms
  A giant cockroach (D:2)
  2 hobgoblins (D:1)
  4 jackals (D:1)
  2 quokkas (D:1)
  A frilled lizard (D:1)
  7 goblins
  2 kobolds (D:1)
  10 rats
51 creatures vanquished.

Vanquished Creatures (others)
  2 plants (D:3)
2 creatures vanquished.

Grand Total: 53 creatures vanquished

Notes
Turn   | Place    | Note
-------+----------+-------------------------------------------
     0 | D:1      | HoaS the Gargoyle Hunter began the quest for the Orb.
     0 | D:1      | Reached XP level 1. HP: 12/12 MP: 1/1
    72 | D:1      | Found a faded altar of an unknown god.
   141 | D:1      | Reached XP level 2. HP: 16/17 MP: 2/2
   515 | D:1      | Reached XP level 3. HP: 20/21 MP: 3/3
   552 | D:1      | Reached skill level 5 in Ranged Weapons
  1094 | D:2      | Found a glowing golden altar of the Shining One.
  1611 | D:2      | Reached XP level 4. HP: 26/26 MP: 4/4
  1862 | D:2      | Reached skill level 6 in Ranged Weapons
  1984 | D:2      | Slain by a gnoll

Illustrated notes

Levels and vault maps discovered:
D:1:      lemuel_arrival_funnel, layout_loops_ring,
          ebering_ecumenical_altar_petrified
D:2:      layout_loops_corners, basic_altar, minmay_rat_gold_closets
D:3:      layout_rooms, gammafunk_ghost_stat_death, serial_forest,
          infiniplex_forest_straight_1, infiniplex_forest_pool,
          infiniplex_forest_clump_cross, infiniplex_forest_straight_3,
          infiniplex_forest_straight_5, infiniplex_forest_lined_room_,
          infiniplex_forest_clump_C, infiniplex_forest_lined_3

Skill      XL: |  1  2  3  4 |
---------------+-------------+-----
Ranged Weapons | 5 6 |  6.0
Fighting       | |  2.1
Dodging        | |  1.5
Stealth        | |  1.1

Action                     |  1- 3 |  4- 6 || total
---------------------------+-------+-------++-------
  Melee: Shortbow          |       |     1 ||     1
   Fire: Shortbow          |   120 |    33 ||   153
    Use: Scroll            |     5 |     1 ||     6
 Armour: Leather armour    |    30 |    12 ||    42
  Dodge: Dodged            |    50 |    12 ||    62

Table legend: (Time is in decaauts)
 A = Elapsed time spent in this place.
 B = Non-inter-level travel time spent in this place.
 C = Inter-level travel time spent in this place.
 D = Time resting spent in this place.
 E = Time spent auto-exploring this place.
 F = Levels seen in this place.
 G = Mean time per level.
                   A        B        C        D        E       F      G
               +--------+--------+--------+--------+--------+-----+--------+
         Total |   2031 |   2004 |     27 |    234 |   1460 |   3 |  677.0 |
       Dungeon |   2031 |   2004 |     27 |    234 |   1460 |   3 |  677.0 |
               +--------+--------+--------+--------+--------+-----+--------+

Top non-repeatable levels by time:
     D:2: 1083 daAuts
     D:1: 865 daAuts
     D:3: 81 daAuts
